 Dungeon Crawl Stone Soup version 0.30.0-5-g1a98f26d00 (webtiles) character file.

Game seed: 5768518758357672887

1811 Kranky the Protected (level 8, -12/106 HPs)
             Began as a Minotaur Berserker on May 10, 2023.
             Was an Elder of Trog.
             Mangled by Amaemon
             ... wielding a +0 demon whip of venom
              (14 damage)
             ... on level 7 of the Dungeon.
             The game lasted 00:11:24 (6429 turns).

Kranky the Protected (Minotaur Berserker)           Turns: 6429, Time: 00:11:25

Health: -12/106    AC: 15    Str: 24    XL:     8   Next: 84%
Magic:  7/7        EV:  8    Int:  4    God:    Trog [****..]
Gold:   304        SH:  0    Dex: 10    Spells: 7/7 levels left

rFire   . . .        b - +3 short sword (elec)
rCold   . . .        (no shield)
rNeg    + . .        v - +0 plate armour
rPois   .            (helmet restricted)
rElec   .            (no cloak)
rCorr   .            d - +0 pair of gloves
SInv    .            (no boots)
Will    .....        (no amulet) Stlth
                     p - ring of positive energy
HPRegen 0.37/turn    (no ring)
MPRegen 0.10/turn

%: no passive effects
@: berserking, lethally poisoned (-12 -> -27), very quick
A: horns 2, retaliatory headbutt
a: Renounce Religion, Berserk, Trog's Hand, Brothers in Arms


You were on level 7 of the Dungeon.
You worshipped Trog.
Trog was greatly pleased with you.
You visited 1 branch of the dungeon, and saw 8 of its levels.
You also visited: Ossuary.

You collected 304 gold pieces.

Inventory:

Hand Weapons
 b - a +3 short sword of electrocution (weapon)
 i - a +0 dagger of venom
 q - a +0 trident
Missiles
 h - 2 atropa-tipped darts (quivered)
Armour
 d - a +0 pair of gloves (worn)
 l - a +0 ring mail
 v - a +0 plate armour (worn)
Jewellery
 p - a ring of positive energy (left hand)
 y - a ring of resist corrosion
Wands
 u - a wand of flame (19)
Scrolls
 e - 2 scrolls of fear
 j - a scroll of magic mapping
 k - 6 scrolls of teleportation
 t - a scroll of poison
 x - a scroll of enchant weapon
Potions
 a - 3 potions of heal wounds
 c - 8 potions of curing
 f - 4 potions of mutation
 m - a potion of resistance {unknown}
 n - 3 potions of might
 o - a potion of haste {unknown}
 s - 4 potions of flight
 w - 2 potions of magic
 A - a potion of ambrosia {unknown}
 B - a potion of berserk rage {unknown}


   Skills:
 + Level 6.9 Fighting
 + Level 6.8 Short Blades
 - Level 5.0 Polearms
 + Level 8.2 Armour
 + Level 4.8 Dodging


You had 7 spell levels left.
You didn't know any spells.
Your spell library was empty.

Dungeon Overview and Level Annotations

Branches:
Dungeon (8/15)             Temple (0/1) D:7         Ossuary (visited)
   Lair: D:8-11

Altars:
Cheibriados
Elyvilon
Kikubaaqudgha
Nemelex Xobeh
Okawaru
Qazlal
Sif Muna
Uskayaw
Vehumet

Shops:
D:1 !   D:3 (

Annotations:
D:4 3 runed translucent doors, Seidenschwarz's ghost, amateur DECj; Valagong's ghost, amateur MiFi
D:7 Amaemon


Innate Abilities, Weirdness & Mutations

You have a pair of horns on your head.
You reflexively headbutt those who attack you in melee.


Message History

Amaemon is moderately wounded.
Amaemon shouts, "You think you're better than me?"
Amaemon barely misses you. You furiously retaliate!
You headbutt Amaemon, but do no damage. Amaemon claws you!
Amaemon tail-slaps you but does no damage.
You completely miss Amaemon.
Amaemon is moderately wounded.
Amaemon drinks a potion.
Amaemon seems to grow stronger.
You barely miss Amaemon. Your headbutt misses Amaemon.
Amaemon is moderately wounded.
You hit Amaemon.
Amaemon is moderately wounded.
Amaemon hits you with a +0 demon whip of venom.
You are poisoned.
Amaemon claws you but does no damage. Amaemon tail-slaps you.
You hear a distant slurping noise.
You barely miss Amaemon.
Amaemon is moderately wounded.
You feel sick.
Amaemon shouts, "You think you're better than me?"
Amaemon hits you with a +0 demon whip of venom.
Amaemon claws you! Amaemon tail-slaps you.
You are too injured to fight recklessly!
You are too injured to fight recklessly!
You feel sick.
There is a stone staircase leading up here.
You feel sick.
Amaemon hits you with a +0 demon whip of venom!
* * * LOW HITPOINT WARNING * * *
Amaemon barely misses you. Amaemon tail-slaps you.
* * * LOW HITPOINT WARNING * * *
You climb upwards.
You feel sick.
There is a stone staircase leading down here.
A red film seems to cover your vision as you go berserk!
You feel yourself moving faster!
You feel mighty!
You feel sick.
Amaemon hits you with a +0 demon whip of venom!
* * * LOW HITPOINT WARNING * * *
You are more poisoned.
Amaemon claws you!
You die...

#.....# ##...###
######...##.##### ###
#...##....#..##.##
##.####...#..#.....##..##
#......#....##..........##
#............#....##..##.#
#..#...............#...#.##
...####......)..@.........##
....# #......#...6.........##
...####......#...#..........#
.............####...........###
..............................###
.......<...#.............#....#.#
..#........#............###......
.##..............................
...........#..................).#


You could see Amaemon (strong).

Vanquished Creatures
  Grinder (D:6)
  2 water moccasins
  Duvessa (D:6)
  A sky beast (D:7)
  3 centaurs
  A phantom (D:7)
  2 scorpions (D:6)
  A bullfrog (D:7)
  Dowan (D:6)
  3 jellies
  2 howler monkeys (D:8)
  A centaur zombie (Ossuary)
  2 hounds (D:4)
  A sleepcap (D:8)
  2 iguanas
  2 orc wizards
  5 mummies (Ossuary)
  4 gnolls (D:5)
  4 adders
  A shadow imp (D:6)
  2 white imps
  2 ufetubi
  A worm (D:3)
  4 dart slugs
  9 orcs
  6 ball pythons
  5 bats
  7 endoplasms
  6 giant cockroaches
  7 hobgoblins
  7 jackals
  7 kobolds
  5 quokkas
  3 frilled lizards
  2 gnoll zombies (Ossuary)
  9 goblins
  A goblin zombie (Ossuary)
  A hobgoblin zombie (Ossuary)
  3 orc zombies (Ossuary)
  4 rats
131 creatures vanquished.

Notes
Turn   | Place    | Note
-------+----------+-------------------------------------------
     0 | D:1      | Kranky the Minotaur Berserker began the quest for the Orb.
     0 | D:1      | Reached XP level 1. HP: 19/19 MP: 0/0
   175 | D:1      | Found Ixken's Distillery.
   184 | D:1      | Reached XP level 2. HP: 27/27 MP: 1/1
   423 | D:1      | Reached XP level 3. HP: 33/33 MP: 2/2
   550 | D:1      | Reached ** piety under Trog
  1340 | D:2      | Reached XP level 4. HP: 40/40 MP: 3/3
  1633 | D:3      | Found a radiant altar of Vehumet.
  1674 | D:3      | Reached skill level 1 in Short Blades
  1744 | D:3      | Found Xunuot's Weapon Emporium.
  2170 | D:3      | Found a snail-covered altar of Cheibriados.
  2170 | D:3      | Found a sparkling altar of Nemelex Xobeh.
  2181 | D:3      | Reached skill level 3 in Armour
  2318 | D:3      | Reached XP level 5. HP: 30/47 MP: 4/4
  2319 | D:3      | Reached *** piety under Trog
  2585 | D:4      | Reached skill level 5 in Polearms
  2694 | D:4      | Found a stormy altar of Qazlal.
  2694 | D:4      | Found a shimmering blue altar of Sif Muna.
  2731 | D:4      | Found an ancient bone altar of Kikubaaqudgha.
  2737 | D:4      | Reached XP level 6. HP: 52/55 MP: 5/5
  2755 | D:4      | Found an iron altar of Okawaru.
  2848 | D:4      | Reached skill level 4 in Armour
  2877 | D:4      | Found a hide-covered altar of Uskayaw.
  2885 | D:4      | Reached skill level 5 in Fighting
  3058 | D:4      | Found a runed translucent gate.
  3059 | D:4      | Found a runed translucent gate.
  3060 | D:4      | Found a runed translucent gate.
  3061 | D:4      | Noticed Seidenschwarz's ghost (amateur DECj)
  3062 | D:4      | Noticed Valagong's ghost (amateur MiFi)
  3190 | D:5      | Entered Level 5 of the Dungeon
  3521 | D:5      | Noticed a water moccasin
  3528 | D:5      | Killed a water moccasin
  3529 | D:5      | Reached XP level 7. HP: 47/61 MP: 6/6
  3645 | D:5      | Reached skill level 5 in Armour
  3920 | D:6      | Found a white marble altar of Elyvilon.
  4140 | D:6      | Reached skill level 6 in Armour
  4269 | D:6      | Noticed Duvessa
  4271 | D:6      | Noticed Dowan
  4277 | D:6      | Killed Duvessa
  4278 | D:6      | Reached skill level 5 in Short Blades
  4283 | D:6      | Killed Dowan
  4284 | D:6      | Reached XP level 8. HP: 52/70 MP: 7/7
  4419 | D:6      | Noticed Grinder
  4452 | D:6      | Killed Grinder
  4597 | D:6      | Identified the +0 leather armour "Gucwol" {rN+ Str-4 Int+3}
  4855 | D:7      | Reached skill level 7 in Armour
  5185 | D:7      | Found a staircase to the Ecumenical Temple.
  5846 | D:8      | Found a sand-covered staircase.
  5852 | Ossuary  | Entered an ossuary
  6018 | Ossuary  | Reached **** piety under Trog
  6213 | D:8      | Reached skill level 8 in Armour
  6298 | D:8      | Noticed Amaemon
  6429 | D:7      | HP: 2/106 [Amaemon/+0 demon whip of venom (9)]
  6429 | D:7      | Mangled by Amaemon

Illustrated notes

Levels and vault maps discovered:
D:1:      lemuel_arrival_muddy, layout_basic, serial_shops, shop
D:2:      layout_loops_ring, nrook_campfire, nicolae_titane
D:3:      layout_loops_ring, mainiacjoe_overflow_alcove_1,
          mainiacjoe_overflow_large_starburst, serial_shops,
          nicolae_shop_rolling_square, grunt_decor_cap
D:4:      layout_rooms, nicolae_uskayaw_dance_hall,
          grunt_temple_overflow_cloverleaf, gammafunk_ghost_cemetery
D:5:      layout_rooms
D:6:      layout_rooms, nicolae_overflow_hidden_temple,
          nicolae_figureground_pulse, uniq_grinder, uniq_duvessa
D:7:      layout_cave_pools, minmay_temple_entry_nine_rooms,
          nicolae_hexahallways
D:8:      layout_gridville, enter_ossuary_2, uniq_gastronok, uniq_amaemon

Skill      XL: |  1  2  3  4  5  6  7  8 |
---------------+-------------------------+-----
Polearms       | 4 5 |  5.0
Fighting       | 4 5 6 |  6.9
Short Blades   | 2 3 5 6 |  6.8
Dodging        | 3 4 |  4.8
Armour         | 3 4 6 8 |  8.2

Action                     |  1- 3 |  4- 6 |  7- 9 || total
---------------------------+-------+-------+-------++-------
  Melee: Spear             |    57 |       |       ||    57
         Headbutt          |    13 |    30 |    32 ||    75
         Dagger            |    60 |    65 |       ||   125
         Punch             |     2 |     1 |     2 ||     5
         Short sword       |       |    55 |   174 ||   229
 Invoke: Berserk           |       |       |     2 ||     2
         Trog's Hand       |       |       |     1 ||     1
    Use: Scroll            |       |       |    14 ||    14
   Stab: Sleeping          |     1 |       |       ||     1
 Armour: Animal skin       |    25 |       |       ||    25
         Ring mail         |     8 |    30 |    14 ||    52
         Plate armour      |       |       |    68 ||    68
  Dodge: Dodged            |    55 |    59 |    60 ||   174
